 Dungeon Crawl Stone Soup version 0.20.1-1-g8b1a95d (webtiles) character file.

235 Trubado the Grave Robber (level 5, -4/43 HPs)
             Began as a Deep Dwarf Necromancer on Dec 13, 2017.
             Slain by a gnoll
             ... wielding a +4 halberd
              (13 damage)
             ... on level 3 of the Dungeon.
             The game lasted 00:17:19 (3439 turns).

Trubado the Grave Robber (Deep Dwarf Necromancer)   Turns: 3439, Time: 00:17:19

Health: -4/43      AC:  2    Str: 12    XL:     5   Next: 76%
Magic:  7/9        EV: 13    Int: 16    God:
Gold:   121        SH:  0    Dex: 13    Spells: 0/9 levels left

rFire    . . .     SeeInvis .   f - +2 short sword (speed)
rCold    . . .     Gourm    .   (no shield)
rNeg     . . .     Faith    .   a - +0 robe
rPois    .         Spirit   .   (no helmet)
rElec    .         Reflect  .   (no cloak)
rCorr    .         Harm     .   (no gloves)
MR       .....                  (no boots)
Stlth    ++........             (no amulet)
Regen    0.0/turn               (no ring)
MPRegen  0.2/turn               (no ring)

@: non-regenerating
A: damage resistance, heal wounds, sense surroundings 1, no regeneration
a: Heal Wounds


You were on level 3 of the Dungeon.
You were hungry.

You visited 1 branch of the dungeon, and saw 3 of its levels.

You collected 121 gold pieces.

Inventory:

Hand Weapons
 f - a +2 short sword of speed (weapon)
 p - a +0 hand axe
Missiles
 d - 17 poisoned needles
 e - 4 tomahawks (quivered)
 r - 21 sling bullets
Armour
 a - a +0 robe (worn)
Scrolls
 h - a scroll of immolation
 o - 3 scrolls of identify
 q - a scroll of teleportation
 t - a scroll of enchant weapon {unknown}
Potions
 g - a potion of agility {unknown}
 i - a potion of haste {unknown}
 j - a potion of cancellation {unknown}
 n - a potion of heal wounds {unknown}
 s - a potion of flight {unknown}
Books
 b - a book of Necromancy

   Spells                             Type                      Level
   a - Pain                           Necromancy                   1
   b - Animate Skeleton               Necromancy                   1
   c - Vampiric Draining              Necromancy                   3
   d - Regeneration                   Charms/Necromancy            3
   e - Animate Dead                   Necromancy                   4
   f - Control Undead                 Necromancy                   4
Comestibles
 c - a bread ration
 k - 3 meat rations
 l - 2 royal jellies
 m - 2 chunks of flesh


   Skills:
 + Level 0.3 Fighting
 + Level 0.3 Short Blades
 + Level 2.5 Dodging
 + Level 2.5 Stealth
 + Level 2.9 Spellcasting
 + Level 6.8 Necromancy


You couldn't memorise any spells.
You knew the following spells:

 Your Spells              Type           Power        Failure   Level  Hunger
a - Pain                  Necr           ###.         1%          1    #......
b - Animate Skeleton      Necr           N/A          1%          1    #......
c - Vampiric Draining     Necr           ###.......   3%          3    ###....
d - Control Undead        Necr           ###.......   12%         4    #####..


Dungeon Overview and Level Annotations

Branches:
Dungeon (3/15)

Altars:


Innate Abilities, Weirdness & Mutations

You are resistant to damage.
You can heal yourself by infusing magical energy.
You passively map a small area around you.
You do not regenerate.


Message History

Press: ? - help, Shift-Dir - straight line, f/p - hound
Aim: a hound (heavily wounded, chance to defeat MR: 88%)
The hound writhes in agony!
The hound barely misses you.
The gnoll hits you from afar with an enchanted halberd!
The hound bites you.
Casting: Pain
Confirm with . or Enter, or press ? or * to list all spells.
Aiming: Pain
Press: ? - help, Shift-Dir - straight line, f/p - hound
Aim: a hound (almost dead, chance to defeat MR: 88%)
The hound writhes in agony!
You kill the hound!
The gnoll hits you from afar with an enchanted halberd!!
* * * LOW HITPOINT WARNING * * *
You are feeling hungry.
The hound barks!
There is a stone staircase leading down here.
The hound completely misses you.
The gnoll hits you from afar with an enchanted halberd!
You die...

########......#.# #####.
##.............#.# ##
#.....Z.....#.##.# ### #####
#..#####..[.#.##.## ###.. #...#
#### #........#..###...# #...#
#####................#. #..)#
####.....)................
#...###.......#...............##
#.........#).##@h.....####...##
#...###.......#.......######.###
#...# ####.....g....<...........
#...####...###....##...#.#####..
######............(.............
#.########....(..(####..... #†#
#..Z.....##..(.(####...
#.#########..#..#####.##...
#...g.#......#..# ..#......


You could see a hound and a gnoll.

Vanquished Creatures
  An orc priest (D:3)
  A hound (D:3)
  5 adders
  4 gnolls (D:2)
  An ooze (D:2)
  A dart slug (D:1)
  2 leopard geckos
  9 orcs
  8 bats
  5 giant cockroaches (D:1)
  9 goblins
  5 hobgoblins
  3 jackals (D:1)
  3 quokkas (D:3)
  3 ball pythons
  2 frilled lizards
  8 kobolds
  6 rats
76 creatures vanquished.

Vanquished Creatures (collateral kills)
  2 goblins
  A hobgoblin (D:1)
  A kobold (D:3)
4 creatures vanquished.

Grand Total: 80 creatures vanquished

Notes
Turn   | Place    | Note
-------+----------+-------------------------------------------
     0 | D:1      | Trubado the Deep Dwarf Necromancer began the quest for the Orb.
     0 | D:1      | Reached XP level 1. HP: 15/15 MP: 3/3
   191 | D:1      | Reached XP level 2. HP: 22/22 MP: 1/4
   267 | D:1      | Learned a level 1 spell: Animate Skeleton
   497 | D:1      | Reached skill level 5 in Necromancy
   943 | D:1      | Reached XP level 3. HP: 26/28 MP: 4/6
   948 | D:1      | Learned a level 3 spell: Vampiric Draining
  1624 | D:2      | Reached XP level 4. HP: 34/36 MP: 4/7
  2169 | D:3      | Reached skill level 6 in Necromancy
  2344 | D:2      | Reached XP level 5. HP: 24/42 MP: 0/8
  3079 | D:3      | Learned a level 4 spell: Control Undead
  3439 | D:3      | Slain by a gnoll

Skill      XL: |  1  2  3  4 |
---------------+-------------+-----
Necromancy     | 5 6 |  6.8
Spellcasting   | 2 |  2.9
Fighting       | |  0.3
Short Blades   | |  0.3
Dodging        | |  2.5
Stealth        | |  2.5

Action                   |  1- 3 |  4- 6 || total
-------------------------+-------+-------++-------
Melee: Short sword       |    16 |    31 ||    47
       Unarmed           |     1 |       ||     1
 Cast: Pain              |    55 |    46 ||   101
       Animate Skeleton  |    11 |    16 ||    27
       Vampiric Draining |     3 |    14 ||    17
  Use: Scroll            |       |     4 ||     4
 Stab: Sleeping          |       |     3 ||     3
  Eat: Chunk             |     4 |     7 ||    11
Armor: Robe              |    11 |     7 ||    18
Dodge: Dodged            |    29 |    48 ||    77
